 Dungeon Crawl Stone Soup version 0.27.1-4-g1640c2035a (webtiles) character file.

Game seed: 6624739318076484937

188 tizbic2 the Chiller (level 5, -5/37 HPs)
             Began as a Demonspawn Ice Elementalist on Nov 13, 2021.
             Was an Initiate of Gozag.
             Slain by a gnoll (9 damage)
             ... on level 3 of the Dungeon.
             The game lasted 00:15:45 (2507 turns).

tizbic2 the Chiller (Demonspawn Ice Elementalist)   Turns: 2507, Time: 00:15:45

Health: -5/37      AC:  9    Str:  9    XL:     5   Next: 39%
Magic:  8/8        EV: 10    Int: 16    God:    Gozag
Gold:   357        SH:  0    Dex: 14    Spells: 5/9 levels left

rFire    . . .     SeeInvis .   f - +1 falchion (freeze)
rCold    . . .     Faith    .   (no shield)
rNeg     . . .     Spirit   .   c - +0 ring mail
rPois    .         Reflect  .   a - +2 helmet
rElec    .         Harm     .   j - +0 cloak
rCorr    .         Rampage  .   (no gloves)
Will     .....                  (boots unavailable)
Stlth    +.........             (no amulet)
HPRegen  0.12/turn              (no ring)
MPRegen  0.11/turn              (no ring)

@: hasted, very quick
A: hooves 3
a: Renounce Religion, Potion Petition, Call Merchant, Bribe Branch


You were on level 3 of the Dungeon.
You worshipped Gozag.
Gozag was aware of your devotion.
You visited 1 branch of the dungeon, and saw 4 of its levels.

You collected 357 gold pieces.

Inventory:

Hand Weapons
 f - a +1 falchion of freezing (weapon)
Missiles
 b - 4 poisoned darts
 e - 109 stones (quivered)
Armour
 a - a +2 helmet (worn)
 c - a +0 ring mail (worn)
 j - a +0 cloak (worn)
Scrolls
 g - a scroll of blinking {unknown}
 i - a scroll of summoning
 k - a scroll of amnesia {unknown}
 l - a scroll of fog {unknown}
Potions
 d - 2 potions of flight {unknown}
 h - a potion of brilliance {unknown}
 n - a potion of heal wounds {unknown}


   Skills:
 + Level 1.4 Fighting
 + Level 2.0 Long Blades
 + Level 0.1 Throwing
 * Level 2.1 Armour
 + Level 2.1 Dodging
 - Level 1.8 Stealth
 * Level 2.5 Spellcasting
 + Level 4.2 Ice Magic


You had 5 spell levels left.
You knew the following spells:

 Your Spells              Type           Power      Damage    Failure   Level
a - Freeze                Ice            60%        1d8       10%         1
b - Ozocubu's Armour      Ice            15%        N/A       28%         3

Your spell library contained the following spells:

 Spells                   Type           Power      Damage    Failure   Level
 Frozen Ramparts          Ice            30%        1d5       28%         3
 Animate Skeleton         Necr           4%         N/A       47%         1
 Apportation              Tloc           4%         N/A       47%         1
 Corona                   Hex            2%         N/A       47%         1
 Summon Small Mammal      Summ           8%         N/A       47%         1
 Hailstorm                Conj/Ice       8%         3d4       91%         4


Dungeon Overview and Level Annotations

Branches:
Dungeon (4/15)
 Temple: D:4-7

Altars:
Gozag
Ru


Innate Abilities, Weirdness & Mutations

You have hooves in place of feet.


Message History

The gnoll is moderately wounded.
The gnoll hits you but does no damage.
You barely miss the gnoll.
The gnoll is lightly wounded.
The gnoll barely misses you.
You riposte.
You hit the gnoll. You freeze the gnoll. Your kick misses the gnoll.
The gnoll is heavily wounded.
You hit the gnoll but do no damage. Your kick misses the gnoll.
The gnoll is heavily wounded.
The gnoll barely misses you.
You barely miss the gnoll.
The gnoll is heavily wounded.
The gnoll closely misses you. The gnoll hits you but does no damage.
You barely miss the gnoll. Your kick misses the gnoll.
The gnoll is moderately wounded.
The gnoll hits you but does no damage.
You slash the gnoll! You freeze the gnoll.
You kill the gnoll!
You now have 357 gold pieces (gained 4).
You see here a +0 spear.
There is a stone staircase leading down here.
You climb downwards.
The gnoll hits you with a +0 flail. The gnoll hits you with a +0 flail!
The gnoll hits you but does no damage.
There is a stone staircase leading up here.
The gnoll closely misses you. The gnoll barely misses you.
You climb upwards.
There is a stone staircase leading down here.
You hit the gnoll. You freeze the gnoll. You kick the gnoll!
The gnoll is almost dead.
The gnoll hits you with a +0 flail! The gnoll hits you with a +0 whip.
* * * LOW HITPOINT WARNING * * *
You feel yourself speed up. The gnoll hits you with a +0 flail.
* * * LOW HITPOINT WARNING * * *
The gnoll hits you with a +0 whip.
* * * LOW HITPOINT WARNING * * *
You barely miss the gnoll.
The gnoll is almost dead.
The gnoll hits you with a +0 flail!
You die...
Your body crumbles into a pile of gold.

...# #.# ...# #.# ...#
#.# ...# ###.#
...#####...# .........###
##.####..#
##.####..#########
.....##..#.....g@#
.........#.#####g#
##########. ####.###
######### # #. #......#
#.......# # #.##.##.#.#
#.#####.# ##
##......[#.######.#####.#
.#
#........#...........##.#
.#
#.........#######.##.##.#
.# #........## #.##....#


You could see 2 gnolls.

Vanquished Creatures
  An orc priest (D:3)
  An orc wizard (D:3)
  4 gnolls (D:3)
  2 adders
  3 worms (D:2)
  A dart slug (D:2)
  8 orcs (D:3)
  3 ball pythons
  2 endoplasms
  A giant cockroach (D:1)
  7 goblins
  4 hobgoblins (D:1)
  4 jackals (D:3)
  A quokka (D:2)
  6 bats
  3 frilled lizards
  5 kobolds
  7 rats
63 creatures vanquished.

Vanquished Creatures (others)
  3 plants (D:1)
3 creatures vanquished.

Grand Total: 66 creatures vanquished

Notes
Turn   | Place    | Note
-------+----------+-------------------------------------------
     0 | D:1      | tizbic2 the Demonspawn Ice Elementalist began the quest for
                  | the Orb.
     0 | D:1      | Reached XP level 1. HP: 13/13 MP: 3/3
     1 | D:1      | Found a sacrificial altar of Ru.
   238 | D:1      | Gained mutation: You have large cloven feet. [demonic
                  | ancestry]
   238 | D:1      | Reached XP level 2. HP: 13/19 MP: 5/5
   280 | D:1      | Found a faded altar of an unknown god.
   304 | D:1      | Became a worshipper of Gozag Ym Sagoz the Greedy
   552 | D:1      | Reached skill level 4 in Ice Magic
   957 | D:2      | Reached skill level 1 in Armour
   972 | D:2      | Gained mutation: You have hoof-like feet. [demonic
                  | ancestry]
   972 | D:2      | Reached XP level 3. HP: 22/24 MP: 6/6
  1561 | D:2      | Learned a level 3 spell: Ozocubu's Armour
  1630 | D:3      | Reached skill level 1 in Long Blades
  1630 | D:3      | Reached XP level 4. HP: 24/31 MP: 3/7
  1958 | D:3      | Reached skill level 1 in Fighting
  2020 | D:3      | Gained mutation: You have hooves in place of feet. [demonic
                  | ancestry]
  2020 | D:3      | Reached XP level 5. HP: 30/37 MP: 6/8
  2507 | D:3      | Slain by a gnoll

Illustrated notes

Levels and vault maps discovered:
D:1:      sevenhm_arrival_forest_fort_small_6, layout_rooms,
          shapermc_ecumenical_altar_mp_ritualfount
D:2:      layout_rooms
D:3:      layout_loops_cross
D:4:      layout_rooms, corexii_hall_statues_t, minmay_increasing_density,
          uniq_crazy_yiuf_cottage

Skill      XL: |  1  2  3  4  5 |
---------------+----------------+-----
Ice Magic      | 4 |  4.2
Armour         | 1 2 |  2.1
Dodging        | 2 |  2.1
Long Blades    | 1 2 |  2.0
Fighting       | 1 |  1.4
Throwing       | |  0.1
Stealth        | |  1.8
Spellcasting   | |  2.5

Action                   |  1- 3 |  4- 6 || total
-------------------------+-------+-------++-------
Melee: Dagger            |    12 |       ||    12
       Falchion          |    70 |    84 ||   154
       Unarmed           |     2 |       ||     2
       Kick              |    11 |    13 ||    24
Throw: Stone             |     8 |       ||     8
 Cast: Freeze            |     9 |     4 ||    13
       Ozocubu's Armour  |     1 |     1 ||     2
  Use: Scroll            |     1 |     1 ||     2
       Potion            |       |     1 ||     1
Armor: Ring mail         |    38 |    47 ||    85
Dodge: Dodged            |    69 |    60 ||   129
       Rpst.: Falchion   |    13 |    20 ||    33
